[Event "*** SCC Grand Prix: Titled Tuesday Blitz"]
[Site "Chess.com"]
[Date "2020.07.14"]
[Round "9"]
[White "czasnaszachy"]
[Black "ChessArchitect64"]
[Result "1-0"]
[WhiteElo "2178"]
[BlackElo "1862"]
[TimeControl "180+1"]
[EndTime "11:45:53 PDT"]
[Termination "czasnaszachy won by checkmate"]

1. d4 Nf6 2. c4 g6 3. Nc3 Bg7 4. e4 d6 5. Bg5 O-O 6. f3 c5 7. d5 a6 8. Qd2 h6 9. Bxh6 Nxe4 10. fxe4 e5 11. Bxg7 Kxg7 12. Nf3 b5 13. cxb5 axb5 14. Bxb5 Nd7 15. h4 Nf6 16. Be2 Nh5 17. O-O-O Nf4 18. g3 Nh5 19. Rdg1 Bg4 20. Ng5 Bxe2 21. Qxe2 Qa5 22.
g4 Nf4 23. Qd2 Rfb8 24. Rg3 c4 25. h5 Nd3+ 26. Rxd3 cxd3 27. h6+ Kg8 28. h7+ Kg7 29. Qh2 d2+ 30. Qxd2 Qc5 31. Qh2 Rxa2 32. h8=Q+ Rxh8 33. Qxh8# 1-0

[Event "*** SCC Grand Prix: Titled Tuesday Blitz"]
[Site "Chess.com"]
[Date "2020.07.14"]
[Round "9"]
[White "swayamsm"]
[Black "Stormeman100100"]
[Result "0-1"]
[WhiteElo "2596"]
[BlackElo "2472"]
[TimeControl "180+1"]
[EndTime "11:45:54 PDT"]
[Termination "Stormeman100100 won by resignation"]

1. d4 Nf6 2. Nf3 d5 3. Bf4 c5 4. e3 Nc6 5. Nbd2 cxd4 6. exd4 Bg4 7. c3 e6 8. Qb3 Qc8 9. Ne5 Nxe5 10. dxe5 Nd7 11.
h3 Bf5 12. c4 d4 13. Bd3 Nc5 14. Qb5+ Qc6 15. Bxf5 Qxb5 16. cxb5 exf5 17. Ke2 Ne6 18. Bh2 Bc5 19. Nb3 Bb6 20. a4 O-O 21. Kd3 Rfd8 22. a5 Bc7 23. Rac1 Rd5 24. Kc4 Rad8 25. Rhd1 Bxe5 26.
Bxe5 Rxe5 27. Kb4 g6 28. Rd2 Rdd5 29. b6 axb6 30. axb6 Rb5+ 31. Kc4 Rec5+ 32. Nxc5 Rxc5+ 33. Kb4 Rxc1 34. b3 Rc6 35. Kb5 Rc5+ 36. Kb4 Rd5 37. Ra2 d3 38. Rd2 Kf8 39. Kc4 Rd4+ 40. Kc3 Ke7 41. Rxd3 Rxd3+ 42. Kxd3 Kd6 0-1

[Event "*** SCC Grand Prix: Titled Tuesday Blitz"]
[Site "Chess.com"]
[Date "2020.07.14"]
[Round "9"]
[White "Skatchkov_V"]
[Black "FatUpss"]
[Result "1-0"]
[WhiteElo "2571"]
[BlackElo "2736"]
[TimeControl "180+1"]
[EndTime "11:45:59 PDT"]
[Termination "Skatchkov_V won by resignation"]

1. d4 Nf6 2. c4 g6 3. Nf3 Bg7 4. g3 O-O 5. Bg2 c6 6. O-O d6 7. Nc3 Qb6 8. e4 Bg4 9. b3 Qa5 10. Qd3 Nbd7 11. Bd2 Qh5 12. Ne1 Bh3 13. Bf3 Bxf1 14. Qxf1 Qa5 15. Nd3 e5 16. d5 cxd5 17. exd5 Qd8 18. Re1 b6 19. Nb4 Nb8 20. Bg2 Ne8 21.
Nc6 Nxc6 22. dxc6 Nc7 23. Rd1 Ne6 24. Be3 Nd4 25. c7 Qxc7 26. Bxd4 exd4 27. Nb5 Qc5 28. Bxa8 a6 29. Nxd4 Bxd4 30. Bd5 Kg7 31. b4 1-0

[Event "*** SCC Grand Prix: Titled Tuesday Blitz"]
[Site "Chess.com"]
[Date "2020.07.14"]
[Round "9"]
[White "Chess_Boxer123"]
[Black "KingCrusher275"]
[Result "1-0"]
[WhiteElo "2582"]
[BlackElo "2392"]
[TimeControl "180+1"]
[EndTime "11:46:01 PDT"]
[Termination "Chess_Boxer123 won by resignation"]

1. d4 d5 2. Bf4 Nf6 3. e3 c5 4.
Nf3 Nc6 5. Nbd2 cxd4 6. exd4 Bf5 7. c3 e6 8. Nh4 Be4 9. Nxe4 Nxe4 10. Nf3 Bd6 11.
Bxd6 Qxd6 12. Bd3 O-O 13. Qe2 Nf6 14. O-O a6 15. Ne5 b5 16. a3 Qc7 17. f4 Nd7 18.
Rf3 f5 19. Rh3 Ndxe5 20. fxe5 Rab8 21. Rf1 Qb7 22. g4 g6 23. gxf5 gxf5 24. Kh1 Kh8 25. Qh5 Rg8 26. Qh6 Rbe8 27. Rf4 Qg7 28. Qf6 Ref8 29.
Rxh7+ 1-0

[Event "*** SCC Grand Prix: Titled Tuesday Blitz"]
[Site "Chess.com"]
[Date "2020.07.14"]
[Round "9"]
[White "guillembaches"]
[Black "chesslh19"]
[Result "1-0"]
[WhiteElo "2393"]
[BlackElo "2136"]
[TimeControl "180+1"]
[EndTime "11:46:03 PDT"]
[Termination "guillembaches won on time"]

1. e4 c5 2. Nf3 d6 3. d4 cxd4 4. Nxd4 Nf6 5. Nc3 e6 6. g4 h6 7. h3 Nc6 8. Be3 Bd7 9. Qe2 Rc8 10. O-O-O Ne5 11. f4 Nc4 12. Bf2 Qa5 13. Nb3 Qc7 14.
Be1 b5 15. e5 dxe5 16. fxe5 Nd5 17. Nxd5 exd5 18. Bg2 Qxe5 19. Qxe5+ Nxe5 20. Bg3 f6 21. Rhe1 Bc6 22. Nd4 a6 23. Nxc6 Rxc6 24. Bxd5 Rc5 25.
Bxe5 fxe5 26. Rxe5+ Kd8 27. Bf7+ Kc7 28. Re8 1-0

[Event "*** SCC Grand Prix: Titled Tuesday Blitz"]
[Site "Chess.com"]
[Date "2020.07.14"]
[Round "9"]
[White "Nafania1"]
[Black "hongnhung1234"]
[Result "1-0"]
[WhiteElo "2442"]
[BlackElo "2261"]
[TimeControl "180+1"]
[EndTime "11:46:04 PDT"]
[Termination "Nafania1 won by checkmate"]

1. e4 c5 2. Nf3 e6 3. g3 Nc6 4. Bg2 Nge7 5. O-O g6 6. c3 Bg7 7. d4 cxd4 8. cxd4 d5 9. e5 O-O 10. Nc3 b6 11. Re1 Na5 12. Bf4 Ba6 13. b3 Rc8 14.
Rc1 Qd7 15. Qd2 Rfd8 16. Bh6 Bh8 17. h4 Nac6 18. h5 gxh5 19. Qg5+ Ng6 20. Qxh5 Nb4 21. Bg5 Re8 22. Bf6 Nd3 23. Ng5 Nxc1 24. Rxc1 Nf8 25. Bf1 Bxf1 26. Kxf1 b5 27. Kg2 b4 28.
Rh1 Rxc3 29. Nxh7 Bg7 30. Bxg7 Kxg7 31. Nf6 Qb5 32. Qh6# 1-0

[Event "*** SCC Grand Prix: Titled Tuesday Blitz"]
[Site "Chess.com"]
[Date "2020.07.14"]
[Round "9"]
[White "Bastiandash"]
[Black "grunbergmihai"]
[Result "0-1"]
[WhiteElo "2314"]
[BlackElo "2503"]
[TimeControl "180+1"]
[EndTime "11:46:05 PDT"]
[Termination "grunbergmihai won by checkmate"]

1. d4 c5 2. c3 Nf6 3. Nf3 e6 4. c4 cxd4 5. Nxd4 Nc6 6. Nf3 Bb4+ 7. Bd2 O-O 8. Nc3 d5 9. cxd5 Nxd5 10. Rc1 Bd7 11.
Nxd5 exd5 12. Bxb4 Nxb4 13. a3 Nc6 14. Qxd5 Qe7 15.
e3 Rfd8 16. Bd3 Be6 17. Qe4 f5 18. Qf4 Rxd3 19. O-O Rad8 20. Rfe1 Qf6 21. b4 h6 22. b5 Ne7 23. Rc7 Nd5 24. Qc4 Nxc7 25. Qxc7 Rd1 26.
Kf1 Rxe1+ 27. Nxe1 Rd7 28. Qc8+ Qf8 29. Qc2 Qxa3 30.
Qc8+ Kh7 31. Qc2 Qb3 32. Qc1 Qxb5+ 33. Kg1 Qe2 34. g4 Rd1 35. Qc5 Qxe1+ 36. Kg2 Qf1+ 37. Kg3 Qg1+ 38. Kf4 Qxg4+ 39. Ke5 Qe4# 0-1

[Event "*** SCC Grand Prix: Titled Tuesday Blitz"]
[Site "Chess.com"]
[Date "2020.07.14"]
[Round "9"]
[White "sea-needle"]
[Black "Zarinur"]
[Result "0-1"]
[WhiteElo "2312"]
[BlackElo "2123"]
[TimeControl "180+1"]
[EndTime "11:46:09 PDT"]
[Termination "Zarinur won by resignation"]

1. e4 e5 2. Nf3 Nc6 3. Bc4 Bc5 4. c3 Nf6 5. d4 exd4 6. e5 d5 7. Bb5 Ne4 8. cxd4 Bb6 9. Nc3 O-O 10. Be3 Bg4 11. Qc2 Bxf3 12. gxf3 Nxc3 13. bxc3 f6 14. f4 fxe5 15. fxe5 Qh4 16. O-O-O Qe7 17. Bd3 Qa3+ 18.
Kb1 h6 19. Rhg1 Kh8 20. f4 Ba5 21. Rc1 b5 22. f5 b4 23. f6 gxf6 24. Rg6 bxc3 25.
Rxh6+ Kg8 26. Rg1+ Kf7 27. Rxf6+ Ke8 28. Rxc6 Rb8+ 29.
Ka1 Rb2 0-1

[Event "*** SCC Grand Prix: Titled Tuesday Blitz"]
[Site "Chess.com"]
[Date "2020.07.14"]
[Round "9"]
[White "topotun"]
[Black "Siniauski"]
[Result "1-0"]
[WhiteElo "2710"]
[BlackElo "2488"]
[TimeControl "180+1"]
[EndTime "11:46:10 PDT"]
[Termination "topotun won by resignation"]

1. e4 e6 2. d4 d5 3. Nd2 c5 4.
exd5 Qxd5 5. Ngf3 cxd4 6. Bc4 Qd8 7. O-O Nc6 8. Nb3 a6 9. a4 e5 10. Re1 Bd6 11. Nbxd4 Nxd4 12. Qxd4 f6 13. Qd3 Ne7 14.
Qb3 Qc7 15. Be3 Bg4 16. Bb6 Qc6 17. Bf7+ Kf8 18. Rad1 Bxf3 19. gxf3 Bc7 20. Bxc7 Qxc7 21. Be6 Rd8 22. c3 g6 23. Rxd8+ Qxd8 24. Rd1 Qe8 25. Qxb7 Nc8 26. Bxc8 1-0

[Event "*** SCC Grand Prix: Titled Tuesday Blitz"]
[Site "Chess.com"]
[Date "2020.07.14"]
[Round "9"]
[White "ChessWarrior7197"]
[Black "GukeshDommaraju"]
[Result "1-0"]
[WhiteElo "2867"]
[BlackElo "2724"]
[TimeControl "180+1"]
[EndTime "11:46:12 PDT"]
[Termination "ChessWarrior7197 won by resignation"]

1. e4 c5 2. Nf3 Nc6 3. Bb5 g6 4. Bxc6 dxc6 5. d3 Bg7 6. Nc3 Bg4 7. h3 Bxf3 8. Qxf3 Nf6 9. O-O Nd7 10. Be3 e5 11. Qe2 b6 12. Qd2 Nf8 13. Bh6 Bxh6 14. Qxh6 Ne6 15. Ne2 Qd6 16. a4 a5 17. b3 O-O-O 18.
Nc3 Nd4 19. Ra2 Qe6 20. Nd1 f6 21. Ne3 g5 22. Qh5 Qe8 23. Qd1 h5 24. c3 Ne6 25.
b4 cxb4 26. cxb4 axb4 27. a5 b5 28. Qb3 c5 29. a6 Nd4 30. a7 Kb7 31. Qb2 Qe6 32.
Rfa1 Qb3 33. Qc1 Qc3 34. Qb1 b3 35. Rb2 c4 36. dxc4 bxc4 37. Ra4 Qd3 38. Nxc4 Qxb1+ 39. Rxb1 g4 40. Na5+ Ka8 41. Kf1 gxh3 42. gxh3 Rd7 43. Nxb3 Rb8 44. axb8=Q+ 1-0

[Event "*** SCC Grand Prix: Titled Tuesday Blitz"]
[Site "Chess.com"]
[Date "2020.07.14"]
[Round "9"]
[White "DenisQ"]
[Black "bugsbunny444"]
[Result "1-0"]
[WhiteElo "2636"]
[BlackElo "2476"]
[TimeControl "180+1"]
[EndTime "11:46:12 PDT"]
[Termination "DenisQ won on time"]

1. Nf3 d5 2. c4 d4 3. g3 Nc6 4. Bg2 e5 5. O-O e4 6. Ne1 h5 7. Bxe4 h4 8. d3 Nf6 9. Bg5 Bh3 10. Ng2 Qd7 11. Bxf6 gxf6 12. Nxh4 Rxh4 13. gxh4 Qg4+ 14. Kh1 Bd6 15. Nd2 Ke7 16. Rg1 Qxh4 17. Nf3 Qxf2 18. Qe1 Qe3 19. Qh4 Bd7 20. Rg2 Re8 21. Rf1 Kd8 22. Qxf6+ Kc8 23. Rfg1 a6 24. Qxf7 Rd8 25. Bf5 Ne5 26. Nxe5 Qxe5 27. Bxd7+ Kb8 28. Qe6 Qf4 29. Qh3 1-0

[Event "*** SCC Grand Prix: Titled Tuesday Blitz"]
[Site "Chess.com"]
[Date "2020.07.14"]
[Round "9"]
[White "KobyKalavannan"]
[Black "WPWPWP-2015"]
[Result "0-1"]
[WhiteElo "2703"]
[BlackElo "2444"]
[TimeControl "180+1"]
[EndTime "11:46:12 PDT"]
[Termination "WPWPWP-2015 won by checkmate"]

1. d4 Nf6 2. c4 e6 3. Nf3 d5 4. g3 Bb4+ 5. Bd2 Be7 6. Bg2 O-O 7. Qc2 c6 8. O-O Nbd7 9. a4 a5 10. Rc1 Nb6 11. c5 Nbd7 12. Nc3 Re8 13. e4 dxe4 14. Nxe4 Nxe4 15. Qxe4 Nf6 16. Qe2 Nd7 17. Bf4 Bf8 18. Rd1 h6 19. Ne5 Nf6 20. Nc4 Nd5 21. Bd2 g6 22.
Rac1 Bg7 23. Nd6 Rf8 24. Qe1 Bxd4 25. Bxh6 Bg7 26. Bxg7 Kxg7 27. Rd4 Qf6 28. Rcd1 e5 29. Rxd5 cxd5 30. Rxd5 Bd7 31. Rxe5 Bc6 32. Bxc6 bxc6 33. Ne8+ Raxe8 34. Rxe8 Qxb2 35. Rxf8 Kxf8 36. Qxa5 Qb1+ 37. Kg2 Qe4+ 38. f3 Qe2+ 39. Kh3 Qf1+ 40. Kg4 Qc4+ 41.
Kh3 Qf1+ 42. Kh4 Qxf3 43. Qd8+ Kg7 44. Qd4+ Kg8 45. a5 Qh5# 0-1

[Event "*** SCC Grand Prix: Titled Tuesday Blitz"]
[Site "Chess.com"]
[Date "2020.07.14"]
[Round "9"]
[White "PSvidler"]
[Black "Zkid"]
[Result "0-1"]
[WhiteElo "2949"]
[BlackElo "2794"]
[TimeControl "180+1"]
[EndTime "11:46:14 PDT"]
[Termination "Zkid won by resignation"]

1. e4 c5 2. Nf3 Nc6 3. Bb5 g6 4. Bxc6 bxc6 5. O-O Bg7 6. Re1 Qc7 7.
c3 Nf6 8. d4 cxd4 9. cxd4 O-O 10. Nc3 Rb8 11. e5 Nd5 12. Nxd5 cxd5 13. Bg5 d6 14.
exd6 exd6 15. Rc1 Qd7 16. b3 Re8 17. Rxe8+ Qxe8 18. Bf4 Rb6 19. Qd2 Bg4 20. Ne1 Rc6 21. Rxc6 Qxc6 22. Nc2 Qb6 23. Bh6 Bxh6 24. Qxh6 Bf5 25.
Ne3 Qxd4 26. h3 Be6 27. Qg5 Qa1+ 28. Kh2 Qe5+ 29. Qg3 d4 30. Nc2 Bf5 31. f4 Qe4 32.
Na3 d5 33. Nb5 d3 34. Nc3 Qd4 35. Nd1 d2 0-1

[Event "*** SCC Grand Prix: Titled Tuesday Blitz"]
[Site "Chess.com"]
[Date "2020.07.14"]
[Round "9"]
[White "binbin239"]
[Black "Forantes"]
[Result "1-0"]
[WhiteElo "2527"]
[BlackElo "2367"]
[TimeControl "180+1"]
[EndTime "11:46:18 PDT"]
[Termination "binbin239 won by checkmate"]

1. d4 Nf6 2. c4 g6 3. Nf3 Bg7 4. g3 O-O 5. Bg2 d5 6. cxd5 Nxd5 7. O-O Nc6 8. Nc3 Nb6 9. d5 Na5 10. e4 c6 11. Bf4 cxd5 12. exd5 Nac4 13. b3 Bxc3 14.
bxc4 Bxa1 15. Qxa1 Nxc4 16. Bh6 f6 17. Bxf8 Kxf8 18.
Ng5 Kg8 19. Ne6 Bxe6 20. dxe6 Rb8 21. Rd1 Nd6 22. Qd4 a5 23. h4 b5 24. h5 Qb6 25.
Qg4 Kg7 26. Qf4 b4 27. Bf3 a4 28. Kg2 g5 29. h6+ Kg8 30. Qd2 b3 31. axb3 axb3 32. Rb1 b2 33. Qc2 Qb3 34. Qc7 Qb6 35. Qxe7 Nf5 36. Qf7+ Kh8 37. e7 Qd4 38. e8=Q+ Rxe8 39. Qxe8# 1-0

[Event "*** SCC Grand Prix: Titled Tuesday Blitz"]
[Site "Chess.com"]
[Date "2020.07.14"]
[Round "9"]
[White "PIwan"]
[Black "Kaua18"]
[Result "1-0"]
[WhiteElo "2499"]
[BlackElo "2276"]
[TimeControl "180+1"]
[EndTime "11:46:18 PDT"]
[Termination "PIwan won by resignation"]

1. c4 c5 2. Nf3 Nc6 3. e3 e5 4. Nc3 Nf6 5. d4 cxd4 6. exd4 e4 7. Ne5 Bb4 8. Be2 Qa5 9. Nxc6 dxc6 10. Qb3 O-O 11. O-O Re8 12. Be3 Ng4 13. a3 Bxc3 14.
bxc3 Nxe3 15. fxe3 Qg5 16. Rf4 b6 17. Raf1 c5 18. Qd1 Bh3 19. R1f2 Re7 20. dxc5 bxc5 21. Qd5 Qxd5 22. cxd5 Bc8 23. d6 Rd7 24. Bc4 Bb7 25. Rxf7 Rxf7 26. Rxf7 Bc6 27. Rc7+ 1-0

[Event "*** SCC Grand Prix: Titled Tuesday Blitz"]
[Site "Chess.com"]
[Date "2020.07.14"]
[Round "9"]
[White "Iskusnyh"]
[Black "yuliagok"]
[Result "1-0"]
[WhiteElo "2479"]
[BlackElo "2085"]
[TimeControl "180+1"]
[EndTime "11:46:19 PDT"]
[Termination "Iskusnyh won by resignation"]

1. d4 Nf6 2. c4 e6 3. g3 Bb4+ 4. Nd2 c6 5. Bg2 O-O 6. Nf3 d5 7. O-O b6 8. Qc2 Bb7 9. e4 dxe4 10. Nxe4 Nxe4 11. Qxe4 Nd7 12. Rd1 Nf6 13. Qc2 Qc7 14. Bf4 Bd6 15. Be5 Bxe5 16. dxe5 Nd7 17. Ng5 g6 18. Ne4 Nxe5 19. f4 Ng4 20. Qe2 f5 21.
Nd6 Rfe8 22. Nxe8 Rxe8 23. h3 Nf6 24. Qe5 Qf7 25. Rd6 Nd7 26. Qd4 Nf6 27. Qe5 Nh5 28. Rad1 Nf6 29. Bxc6 Bxc6 30. Rxc6 Ne4 31. Rc7 Qf8 32.
Rdd7 1-0

[Event "*** SCC Grand Prix: Titled Tuesday Blitz"]
[Site "Chess.com"]
[Date "2020.07.14"]
[Round "9"]
[White "TigrVShlyape"]
[Black "GiantThresher"]
[Result "1-0"]
[WhiteElo "2850"]
[BlackElo "2620"]
[TimeControl "180+1"]
[EndTime "11:46:25 PDT"]
[Termination "TigrVShlyape won by resignation"]

1. d4 Nf6 2. Nf3 d5 3. Bf4 c5 4. e3 Nc6 5. Nbd2 Qb6 6. dxc5 Qxb2 7. Rb1 Qc3 8. Bd3 e6 9. Rb3 Qxc5 10. c4 Be7 11. O-O dxc4 12. Nxc4 O-O 13. Qb1 Nb4 14. Be2 Nbd5 15. Be5 Qc6 16. Rc1 Qd7 17. e4 b5 18. Na5 a6 19. exd5 Nxd5 20. Bd3 h6 21. Bh7+ Kh8 22. Be4 f6 23. Bd4 Qe8 24. Bg6 Qd7 25.
Qe4 Bd8 26. Nc6 Bb7 27. Nxd8 Raxd8 28. Qg4 e5 29. Bf5 Qe8 30. Bc5 Nf4 31. Nh4 g5 32. Bxf8 Qxf8 33. Ng6+ 1-0

[Event "*** SCC Grand Prix: Titled Tuesday Blitz"]
[Site "Chess.com"]
[Date "2020.07.14"]
[Round "9"]
[White "gagtemp"]
[Black "Klavdia_Nik"]
[Result "1-0"]
[WhiteElo "1957"]
[BlackElo "2052"]
[TimeControl "180+1"]
[EndTime "11:46:25 PDT"]
[Termination "gagtemp won on time"]

1. e4 c5 2. Nf3 d6 3. d4 cxd4 4.
Nxd4 Nf6 5. Nc3 a6 6. Be3 e5 7.
Nb3 Be7 8. f3 Be6 9. Qd2 Nc6 10.
Nd5 Bxd5 11. exd5 Nb8 12. Na5 Qc7 13. Be2 Nbd7 14. O-O O-O 15. c4 Bd8 16. b4 Qc8 17. Nb3 b6 18. a4 Qb7 19. Rfd1 Rc8 20. Rac1 Ne8 21. Qd3 f5 22. c5 bxc5 23. bxc5 dxc5 24. Nxc5 Nxc5 25. Bxc5 Rf7 26. Qxa6 Ra8 27. Qxb7 Rxb7 28. Bb5 Bb6 29. d6 Bxc5+ 30. Rxc5 Nxd6 31. Rxd6 h6 32. Rxe5 Rc7 33. Kf2 Rc2+ 34. Kg3 Rf8 35. Rd4 g5 36. h3 h5 37. Re6 h4+ 38. Kh2 Kf7 39. Red6 Kg7 40.
Rd7+ Kh6 41. R4d6+ 1-0

[Event "*** SCC Grand Prix: Titled Tuesday Blitz"]
[Site "Chess.com"]
[Date "2020.07.14"]
[Round "9"]
[White "ShimanovAlex"]
[Black "Matibar"]
[Result "0-1"]
[WhiteElo "2813"]
[BlackElo "2709"]
[TimeControl "180+1"]
[EndTime "11:46:26 PDT"]
[Termination "Matibar won by checkmate"]

1. e4 e6 2. d3 d5 3. Nd2 Nf6 4. Ngf3 b6 5. c3 Bb7 6. Qc2 c5 7. Be2 Nc6 8. O-O Bd6 9. Re1 O-O 10. Bf1 Qc7 11. g3 Rae8 12. Bg2 Nd7 13. Nf1 d4 14. h4 e5 15. h5 b5 16. a4 a6 17. axb5 axb5 18.
Nh4 c4 19. dxc4 bxc4 20. Nd2 d3 21. Qd1 Ne7 22. Nf5 Nxf5 23. exf5 Bxg2 24. Kxg2 Nf6 25. Qf3 h6 26. Ne4 Nxe4 27. Rxe4 Be7 28. Ra4 Qd7 29. Qd1 Qxf5 30. Raxc4 Rd8 31. Bd2 Qe6 32. g4 f5 33. gxf5 Qxf5 34. Be3 Bg5 35. f3 d2 36.
Bxg5 Qxg5+ 37. Kf2 Qxh5 38. Re3 Qh2+ 39. Kf1 Qh1+ 40.
Ke2 Qg2# 0-1

[Event "*** SCC Grand Prix: Titled Tuesday Blitz"]
[Site "Chess.com"]
[Date "2020.07.14"]
[Round "9"]
[White "Denmark2015"]
[Black "crossingthestreet"]
[Result "1-0"]
[WhiteElo "2591"]
[BlackElo "2431"]
[TimeControl "180+1"]
[EndTime "11:46:27 PDT"]
[Termination "Denmark2015 won by resignation"]

1. d4 Nf6 2. c4 e6 3. Nc3 Bb4 4. a3 Bxc3+ 5. bxc3 c5 6. f3 b6 7. e4 O-O 8. Bd3 Ba6 9. Ne2 Nc6 10. Ng3 Na5 11.
e5 Ne8 12. Qe2 Rc8 13. d5 exd5 14. cxd5 Bxd3 15. Qxd3 Qe7 16. f4 f6 17. Nf5 Qf7 18. O-O c4 19. Qe4 fxe5 20. fxe5 Nc7 21. Nh6+ gxh6 22.
Rxf7 Rxf7 23. Bxh6 b5 24. e6 dxe6 25. dxe6 Re7 26. Qg4+ Kh8 27. Re1 Rce8 28. Re5 Nc6 29. Rc5 Nd8 30. Qd4+ Kg8 31. Rg5+ 1-0

[Event "*** SCC Grand Prix: Titled Tuesday Blitz"]
[Site "Chess.com"]
[Date "2020.07.14"]
[Round "9"]
[White "whodee11"]
[Black "DaggiGretarsson"]
[Result "1-0"]
[WhiteElo "2418"]
[BlackElo "2563"]
[TimeControl "180+1"]
[EndTime "11:46:27 PDT"]
[Termination "whodee11 won by resignation"]

1. e4 g6 2. Bc4 Bg7 3. Nc3 c5 4.
f4 Nc6 5. Nf3 e6 6. d3 Nge7 7.
O-O d6 8. a3 a6 9. Ba2 b5 10. Qe1 Nd4 11. Nxd4 cxd4 12. Ne2 O-O 13. Bd2 a5 14. Rc1 Bb7 15. Ng3 Re8 16. Qf2 Qd7 17. f5 Nc6 18. f6 Bf8 19. Qf4 Rec8 20. Qh4 Qd8 21. Rf4 Rc7 22. Rcf1 Bc8 23. Rg4 Kh8 24. Nh5 e5 25. Rg3 Be6 26. Bxe6 fxe6 27. Bg5 Rf7 28. Ng7 Kg8 29. Rh3 h5 30. Nxh5 Bh6 31. Ng3 1-0

[Event "*** SCC Grand Prix: Titled Tuesday Blitz"]
[Site "Chess.com"]
[Date "2020.07.14"]
[Round "9"]
[White "barriochess"]
[Black "Larina_Marija"]
[Result "1-0"]
[WhiteElo "2272"]
[BlackElo "2099"]
[TimeControl "180+1"]
[EndTime "11:46:27 PDT"]
[Termination "barriochess won by resignation"]

1. d4 f5 2. e4 fxe4 3. Nc3 Nf6 4. Bg5 Nc6 5. d5 Ne5 6. Qe2 Nf7 7. f4 c6 8. O-O-O Qa5 9. Bxf6 gxf6 10. Qxe4 Bh6 11. Kb1 Nd6 12. Qf3 f5 13. Qh5+ Nf7 14. Qxf5 d6 15.
Qd3 Bg7 16. Nge2 O-O 17. g3 Nh6 18. Bg2 Ng4 19. Rdf1 Bf5 20. Be4 Bxe4 21. Qxe4 Rae8 22. Qe6+ Kh8 23. Qxg4 cxd5 24. Rd1 e6 25. Rhe1 b5 26.
Rd3 b4 27. Nd1 b3 28. Nec3 bxa2+ 29. Ka1 d4 30. Rxe6 dxc3 31. Nxc3 Qb4 32. Qe2 Rb8 33.
Nd1 Bxb2+ 34. Kxa2 Qc4+ 35. Rb3 Qd4 36. Nxb2 Rb6 37.
Qd3 Qc5 38. Qc3+ Qxc3 39. Rxc3 Rfb8 40. Rb3 Ra6+ 41. Kb1 Rab6 42. Rxb6 Rxb6 43. Re7 a5 44. c3 1-0

[Event "*** SCC Grand Prix: Titled Tuesday Blitz"]
[Site "Chess.com"]
[Date "2020.07.14"]
[Round "9"]
[White "Sam_ChessMood"]
[Black "Legendinunknown"]
[Result "1-0"]
[WhiteElo "2816"]
[BlackElo "2608"]
[TimeControl "180+1"]
[EndTime "11:46:28 PDT"]
[Termination "Sam_ChessMood won by resignation"]

1. e4 c5 2. Nc3 Nc6 3. Nf3 d6 4. d4 cxd4 5. Nxd4 Nf6 6. f3 Nxd4 7. Qxd4 g6 8. Be3 Bg7 9. O-O-O O-O 10. Qd2 Be6 11. Kb1 a6 12. h4 b5 13. Bd4 b4 14.
Na4 d5 15. e5 Nd7 16. f4 Bf5 17. h5 e6 18. Bd3 f6 19. hxg6 hxg6 20. g4 Bxd3 21. cxd3 fxe5 22. fxe5 Qe7 23. Qh2 Kf7 24. Qh7 Rg8 25. Rdf1+ Ke8 26. Qxg8+ 1-0

[Event "*** SCC Grand Prix: Titled Tuesday Blitz"]
[Site "Chess.com"]
[Date "2020.07.14"]
[Round "9"]
[White "Omk124"]
[Black "CrushingKings"]
[Result "0-1"]
[WhiteElo "2377"]
[BlackElo "2542"]
[TimeControl "180+1"]
[EndTime "11:46:30 PDT"]
[Termination "CrushingKings won by resignation"]

1. e4 c5 2. Nf3 e6 3. d4 cxd4 4. Nxd4 Nc6 5. g3 Qc7 6. Nc3 a6 7. Bg2 Nge7 8. O-O Nxd4 9. Qxd4 Nc6 10. Qd2 Ne5 11. b3 h5 12. Bb2 b5 13. Rfe1 f6 14.
Rad1 Bb7 15. h3 Bc5 16. a4 h4 17. g4 Bc6 18. axb5 axb5 19. Nd5 exd5 20. exd5 O-O 21. dxc6 dxc6 22. Kh1 Ra2 23. Bc3 Qb6 24. f4 Nf7 25. Ra1 Rxa1 26. Rxa1 b4 27. Bb2 Be3 28. Qe2 Bxf4 29. Qf3 Be5 30. Bxe5 Nxe5 31. Qe4 Rd8 32. Kh2 Qf2 33. Rf1 Qg3+ 34. Kh1 Rd2 35. Ra1 Qf2 36.
Ra8+ Kf7 37. Ra7+ Qxa7 38. Qxb4 Qf2 39. Qb7+ Kg6 40. Be4+ Kg5 41. Qxg7+ Kf4 42. Qxf6+ Kxe4 43. Qxf2 Rxf2 0-1

[Event "*** SCC Grand Prix: Titled Tuesday Blitz"]
[Site "Chess.com"]
[Date "2020.07.14"]
[Round "9"]
[White "Sanyura"]
[Black "Godzillator"]
[Result "0-1"]
[WhiteElo "2464"]
[BlackElo "2340"]
[TimeControl "180+1"]
[EndTime "11:46:33 PDT"]
[Termination "Godzillator won by resignation"]

1. g4 d5 2. h3 c6 3. Bg2 Nf6 4. d3 g6 5. Nc3 Bg7 6. Bf4 O-O 7. Qd2 Nbd7 8. Nf3 Re8 9. O-O-O e5 10. Bh6 Qa5 11.
Bxg7 Kxg7 12. Kb1 d4 13. Ne4 Qxd2 14. Rxd2 Nxe4 15. dxe4 c5 16. g5 f6 17. h4 b6 18. h5 Bb7 19. gxf6+ Nxf6 20. Ng5 h6 21.
Nh3 Bxe4 22. f3 Bf5 23. hxg6 e4 24. Nf4 Rad8 25. fxe4 Bxe4 26. Bxe4 Rxe4 27. Rh4 Rde8 28. Rd1 Nd5 29. Nh5+ Kxg6 30. Rg1+ Kh7 31. Rhh1 R8e7 32. Ng3 Rg4 33. Nf5 Rxg1+ 34. Rxg1 Rxe2 35. a3 Ne3 36. Ng3 Rg2 37. Rxg2 Nxg2 38. c3 Kg6 39. cxd4 cxd4 40. Kc2 h5 41. Kd3 h4 42. Ne2 Kg5 43. Kxd4 Kg4 44.
Ng1 Nf4 45. Kc4 Kg3 46. Kb5 Kg2 47. Ne2 Nxe2 0-1

[Event "*** SCC Grand Prix: Titled Tuesday Blitz"]
[Site "Chess.com"]
[Date "2020.07.14"]
[Round "9"]
[White "tk22h"]
[Black "LastHeroJr"]
[Result "1/2-1/2"]
[WhiteElo "2323"]
[BlackElo "2453"]
[TimeControl "180+1"]
[EndTime "11:46:36 PDT"]
[Termination "Game drawn by repetition"]

1. c4 e5 2. Nc3 Nf6 3. Nf3 Nc6 4. g3 d5 5. cxd5 Nxd5 6. Bg2 Nb6 7. O-O Be7 8. b3 O-O 9. Bb2 Re8 10. Rc1 Bf8 11. d3 a5 12. Nd2 Nd4 13. e3 Nf5 14. Nc4 Nd7 15. d4 exd4 16. exd4 Nf6 17. d5 Bd7 18. Re1 Rxe1+ 19. Qxe1 Nd6 20. Qd2 Nxc4 21. bxc4 Bc5 22. Re1 a4 23. Qf4 a3 24. Ba1 Bd6 25. Qh4 Qf8 26.
Nb5 Bxb5 27. cxb5 Nd7 28. Be4 h6 29. Bc2 Re8 30. Rxe8 Qxe8 31. Qe4 Qxe4 32. Bxe4 b6 33. Kf1 g6 34. Ke2 f5 35. Bc2 Kf7 36. Kd3 Nc5+ 37.
Kc4 f4 38. Bc3 fxg3 39. fxg3 Nd7 40. Bb4 Ne5+ 41. Kb3 Bxb4 42. Kxb4 Nf3 43. h4 Nd4 44. Bd3 g5 45. hxg5 hxg5 46. Kxa3 Ke7 47. Kb4 Kd6 48.
Kc4 Nf3 49. Be4 Ne5+ 50. Kd4 Nd7 51. a3 Nc5 52. Bc2 Nd7 53. Be4 Nc5 54. Bc2 Nd7 55.
Be4 1/2-1/2

[Event "*** SCC Grand Prix: Titled Tuesday Blitz"]
[Site "Chess.com"]
[Date "2020.07.14"]
[Round "9"]
[White "juniortay"]
[Black "Gandrade2"]
[Result "1-0"]
[WhiteElo "2382"]
[BlackElo "2122"]
[TimeControl "180+1"]
[EndTime "11:46:37 PDT"]
[Termination "juniortay won by resignation"]

1. e4 c5 2. Nf3 g6 3. d4 cxd4 4. c3 d3 5. Bxd3 Bg7 6. c4 d6 7. h3 Nf6 8. Nc3 O-O 9. O-O Nfd7 10. Qe2 Bxc3 11. bxc3 Qc7 12. Bh6 Re8 13. h4 Ne5 14.
Nxe5 dxe5 15. h5 Nd7 16. hxg6 hxg6 17. f4 exf4 18. Rxf4 Ne5 19. Raf1 Be6 20. Rh4 Nxd3 21. Qxd3 Bxc4 22. Qd4 Qb6 23. Rb1 Qxd4+ 24. cxd4 b5 25. a3 Rac8 26. d5 a6 27. Kf2 Bd3 28. Rb2 Rc3 29. Bg5 Rxa3 30. d6 f6 31. Bf4 exd6 32. Bxd6 Rxe4 33. Rxe4 Bxe4 34. Bxa3 Kf7 35. Re2 Bd3 36.
Re7+ Kf8 37. Ra7+ 1-0